[Event "Titled Tuesday Blitz April 19 Early 2022"]
[White "Zhurikhin, Alexander"]
[Black "Manukian, Artak"]
[WhiteFideId "4139569"]
[BlackFideId "13301373"]
[WhiteElo "2204"]
[BlackElo "2345"]
[Result "1-0"]
[Round "02"]
[TimeControl "180+1"]
[Date "2022.04.19"]
[WhiteClock "0:01:16"]
[BlackClock "0:01:15"]

1. c4 e5 2. Nc3 Nc6 3. Nf3 Bc5 4. e3 d6 5. d4 Bb6 6. Be2 f5 7. O-O Nf6 8. dxe5 Nxe5 9. Nxe5 dxe5 10. Qxd8+ Kxd8 11. Na4 c6 12. Nxb6 axb6 13. b3 Be6 14. Bb2 e4 15. Rfd1+ Ke7 16. Bd4 c5 17. Be5 Rhd8 18. a4 Rxd1+ 19. Rxd1 Rd8 20. Bc7 Rxd1+ 21. Bxd1 Nd7 22. f3 g6 23. Kf2 Kf6 24. Kg3 h5 25. h4 g5 26. Bd8+ 1-0


[Site "https://www.chess.com"]

[Event "Titled Tuesday Blitz April 19 Early 2022"]
[White "Zia, Tahsin Tajwar"]
[Black "Molina, Roberto Junio Brito"]
[WhiteFideId "10211888"]
[BlackFideId "2109450"]
[WhiteElo "1800"]
[BlackElo "2432"]
[Result "0-1"]
[Round "02"]
[TimeControl "180+1"]
[Date "2022.04.19"]
[WhiteClock "0:00:12"]
[BlackClock "0:00:49"]

1. d4 d5 2. c4 c6 3. Nf3 Nf6 4. g3 dxc4 5. Bg2 b5 6. Ne5 Bb7 7. O-O e6 8. b3 cxb3 9. axb3 a5 10. Nc3 Qb6 11. Ne4 Nxe4 12. Bxe4 f6 13. Nf3 Nd7 14. Be3 c5 15. d5 e5 16. Nh4 g6 17. g4 Be7 18. Ng2 Bd6 19. f3 O-O 20. Qc2 Rf7 21. h4 Raf8 22. Bh6 Re8 23. h5 c4+ 24. Kh1 cxb3 25. Qb1 f5 26. gxf5 gxf5 27. Bxf5 Bxd5 28. Nh4 Bc5 29. Bxh7+ Rxh7 30. Qg6+ Qxg6 31. Nxg6 Rxh6 0-1


[Site "https://www.chess.com"]

[Event "Titled Tuesday Blitz April 19 Early 2022"]
[White "Aaditya Dhingra"]
[Black "Shyaamnikhil P"]
[WhiteFideId "25678191"]
[BlackFideId "5024218"]
[WhiteElo "1849"]
[BlackElo "2329"]
[Result "0-1"]
[Round "03"]
[TimeControl "180+1"]
[Date "2022.04.19"]
[WhiteClock "0:00:11"]
[BlackClock "0:00:19"]

1. Nf3 Nc6 2. e4 e5 3. Bb5 a6 4. Bxc6 dxc6 5. O-O f6 6. d4 exd4 7. Nxd4 c5 8. Nb3 Qxd1 9. Rxd1 Bd7 10. Bf4 O-O-O 11. Nc3 Bc6 12. a4 b6 13. Rxd8+ Kxd8 14. Nd5 Bxd5 15. Rd1 Ne7 16. exd5 Ng6 17. Bg3 h5 18. h4 Bd6 19. Bxd6 cxd6 20. g3 Re8 21. Kf1 Ne5 22. Nd2 Ng4 23. Nc4 Kc7 24. f3 Nh6 25. Kf2 Nf5 26. Rd3 b5 27. axb5 axb5 28. Nd2 Ra8 29. Ra3 Rxa3 30. bxa3 Ne7 31. g4 hxg4 32. fxg4 Nxd5 33. Kf3 Kd7 34. Ke4 Ke6 35. c4 bxc4 36. Nxc4 Nc3+ 37. Kd3 Na4 38. Ne3 d5 39. h5 Ke5 40. Nf5 c4+ 41. Ke3 Nc5 42. Nxg7 d4+ 43. Ke2 d3+ 44. Ke3 c3 45. h6 c2 46. Kd2 Nb3+ 0-1


[Site "https://www.chess.com"]

[Event "Titled Tuesday Blitz April 19 Early 2022"]
[White "Abdrlauf, Elham"]
[Black "Tologon tegin, Semetei"]
[WhiteFideId "1533533"]
[BlackFideId "13800574"]
[WhiteElo "2334"]
[BlackElo "2258"]
[Result "1-0"]
[Round "03"]
[TimeControl "180+1"]
[Date "2022.04.19"]
[WhiteClock "0:00:06"]
[BlackClock "0:00:01"]

1. e4 e5 2. Nc3 Nf6 3. d4 exd4 4. Qxd4 Nc6 5. Qd3 Bc5 6. Bf4 d6 7. O-O-O Bxf2 8. Nf3 O-O 9. Qe2 Bb6 10. Bg5 h6 11. Bh4 Bg4 12. h3 Bxf3 13. gxf3 Bd4 14. Nd5 g5 15. Bf2 Bxf2 16. Qxf2 Nxd5 17. exd5 Ne5 18. h4 Qf6 19. hxg5 hxg5 20. Kb1 Kg7 21. Rg1 Ng6 22. Bd3 Rh8 23. Bxg6 fxg6 24. Qe3 Rhe8 25. Qb3 b6 26. a3 Re5 27. Qc4 Qe7 28. Rh1 Rh8 29. Ka2 Rh4 30. Qc3 Rf4 31. Rh2 Qf7 32. Rdh1 Qxd5+ 33. b3 Qc5 34. Qd3 Rd4 35. Qa6 Qc6 36. Qc8 Kf6 37. Qf8+ Ke6 38. Qg8+ Kf6 39. f4 Rxf4 40. Qf8+ Ke6 41. Qg8+ Kf6 42. Rg1 Rc5 43. Rgg2 Rff5 44. Re2 Qd7 45. Qf8+ Qf7 46. Qd8+ Kg7 47. Qh8# 1-0


[Site "https://www.chess.com"]

[Event "Titled Tuesday Blitz April 19 Early 2022"]
[White "Ajay Krishna, S"]
[Black "Topalov, Aleksandar"]
[WhiteFideId "5096430"]
[BlackFideId "925659"]
[WhiteElo "2247"]
[BlackElo "2158"]
[Result "1-0"]
[Round "03"]
[TimeControl "180+1"]
[Date "2022.04.19"]
[WhiteClock "0:00:33"]
[BlackClock "0:00:57"]

1. d4 Nf6 2. c4 c5 3. d5 d6 4. Nc3 g6 5. Nf3 Bg7 6. e4 O-O 7. Be2 e6 8. O-O Re8 9. dxe6 Bxe6 10. Bf4 Nc6 11. Bxd6 Qa5 12. a3 Rad8 13. b4 Rxd6 14. bxa5 Rxd1 15. Raxd1 Nxa5 16. Nd2 Nd7 17. Nd5 Ne5 18. h3 Nac6 19. f4 Nd7 20. Bf3 Nd4 21. e5 Rc8 22. Ne4 b6 23. Ne7+ 1-0


[Site "https://www.chess.com"]

[Event "Titled Tuesday Blitz April 19 Early 2022"]
[White "Akhmedinov, Satbek"]
[Black "Samunenkov, Ihor"]
[WhiteFideId "13714287"]
[BlackFideId "14187086"]
[WhiteElo "1889"]
[BlackElo "2409"]
[Result "1-0"]
[Round "03"]
[TimeControl "180+1"]
[Date "2022.04.19"]
[WhiteClock "0:01:16"]
[BlackClock "0:00:09"]

1. e4 c6 2. d4 d5 3. exd5 cxd5 4. c4 Nf6 5. Nc3 Nc6 6. Nf3 Bg4 7. cxd5 Nxd5 8. Bc4 e6 9. Bxd5 exd5 10. O-O Be7 11. h3 Bh5 12. g4 Bg6 13. Qb3 O-O 14. Qxb7 Rc8 15. Be3 Bd6 16. Qb5 Nb4 17. Rad1 Bd3 18. Rxd3 a6 19. Qb7 Rb8 20. Qa7 Nxd3 21. Qxa6 Nxb2 22. Nxd5 Bh2+ 23. Kxh2 Qxd5 24. Ne5 f6 25. Qc6 Qf7 26. Nxf7 1-0


[Site "https://www.chess.com"]

[Event "Titled Tuesday Blitz April 19 Early 2022"]
[White "Alekseenko, Kirill"]
[Black "Rozman, Levy"]
[WhiteFideId "4135539"]
[BlackFideId "2039877"]
[WhiteElo "2682"]
[BlackElo "2376"]
[Result "1-0"]
[Round "03"]
[TimeControl "180+1"]
[Date "2022.04.19"]
[WhiteClock "0:00:30"]
[BlackClock "0:00:01"]

1. e4 d5 2. d3 dxe4 3. dxe4 Qxd1+ 4. Kxd1 Nf6 5. f3 Nc6 6. c3 e5 7. Be3 Be6 8. Nd2 O-O-O 9. Kc2 Nd7 10. Bb5 Ndb8 11. Nh3 f6 12. Nf2 a6 13. Ba4 Na5 14. Bb3 Nxb3 15. axb3 h5 16. h4 Nd7 17. Nd3 Be7 18. Ra5 Nb8 19. b4 b6 20. Raa1 Rd7 21. Nf2 Kb7 22. b3 Rhd8 23. Nc4 g6 24. g3 Nc6 25. Rhf1 Nb8 26. Nb2 c5 27. bxc5 Bxc5 28. Bxc5 Rd2+ 29. Kc1 bxc5 30. Rd1 Rxd1+ 31. Nbxd1 Bxb3 32. Rb1 c4 33. Ne3 a5 34. Nxc4 a4 35. Na5+ Kc7 36. Nxb3 axb3 37. Rxb3 Nc6 38. Ra3 Kb6 39. Kc2 Rc8 40. Rb3+ Kc5 41. Rb1 Kd6 42. Kd2 Na5 43. Nd3 Nc4+ 44. Ke2 Na3 45. Rb6+ Ke7 46. Nb4 Kf7 47. Nd5 f5 48. f4 exf4 49. e5 fxg3 50. e6+ Kf8 51. Rb7 Nc4 52. Rf7+ Ke8 53. Nf6+ Kd8 54. Rd7# 1-0


[Site "https://www.chess.com"]

[Event "Titled Tuesday Blitz April 19 Early 2022"]
[White "Alinasab, Mobina"]
[Black "Demchenko, Anton"]
[WhiteFideId "12528897"]
[BlackFideId "4160258"]
[WhiteElo "2031"]
[BlackElo "2539"]
[Result "0-1"]
[Round "03"]
[TimeControl "180+1"]
[Date "2022.04.19"]
[WhiteClock "0:00:01"]
[BlackClock "0:00:06"]

1. e4 e5 2. Nf3 Nc6 3. Bb5 a6 4. Ba4 Nge7 5. c3 Ng6 6. O-O d6 7. d4 Bd7 8. dxe5 dxe5 9. c4 Bc5 10. Bxc6 Bxc6 11. Nc3 O-O 12. Nd5 a5 13. b3 f6 14. Be3 Bxe3 15. fxe3 Qd6 16. Qc2 Qc5 17. Nxc7 Qxe3+ 18. Qf2 Qxe4 19. Nxa8 Rxa8 20. Rae1 Qg4 21. h3 Qd7 22. Rd1 Qe7 23. Nh4 Nf4 24. Kh2 g5 25. Nf5 Qe6 26. Ne3 Rf8 27. Rd2 h5 28. Rfd1 h4 29. Rd6 Qf7 30. Nf5 Qh7 31. Ne3 Qe4 32. Nd5 Kg7 33. Nxf4 gxf4 34. Re1 Qg6 35. Re2 Qg3+ 36. Qxg3+ hxg3+ 37. Kg1 Kg6 38. a3 Kf5 39. b4 axb4 40. axb4 Ra8 41. Rd1 Be8 42. Red2 Ra4 43. Rb1 Bf7 44. c5 e4 45. Rd7 Ba2 46. Rb2 Bc4 47. Rb1 e3 48. Rxb7 Ra2 49. Re7 Bd5 50. b5 Rxg2+ 51. Kf1 Rf2+ 52. Ke1 Bc4 53. Kd1 Bd3 54. Rb3 Rf1# 0-1


[Site "https://www.chess.com"]

[Event "Titled Tuesday Blitz April 19 Early 2022"]
[White "Ambartsumova, Karina"]
[Black "Mayaud, Raphael"]
[WhiteFideId "4166299"]
[BlackFideId "627151"]
[WhiteElo "2262"]
[BlackElo "2191"]
[Result "1-0"]
[Round "03"]
[TimeControl "180+1"]
[Date "2022.04.19"]
[WhiteClock "0:01:16"]
[BlackClock "0:00:37"]

1. d4 Nf6 2. Nf3 d5 3. c4 c6 4. g3 dxc4 5. Bg2 b5 6. Ne5 Bb7 7. O-O e6 8. b3 cxb3 9. axb3 Be7 10. Nc3 a6 11. Ne4 Nxe4 12. Bxe4 O-O 13. Bb2 Qb6 14. Qc2 g6 15. Rac1 Rd8 16. h4 Qc7 17. h5 c5 18. Bxb7 Qxb7 19. hxg6 hxg6 20. dxc5 Nc6 21. Qe4 Rac8 22. Nxg6 fxg6 23. Qxg6+ Kf8 24. Bg7+ Kg8 25. Bh6+ 1-0


[Site "https://www.chess.com"]

[Event "Titled Tuesday Blitz April 19 Early 2022"]
[White "Andreikin, Dmitry"]
[Black "Palachev, Petr"]
[WhiteFideId "4158814"]
[BlackFideId "24129003"]
[WhiteElo "2736"]
[BlackElo "2339"]
[Result "1-0"]
[Round "03"]
[TimeControl "180+1"]
[Date "2022.04.19"]
[WhiteClock "0:00:22"]
[BlackClock "0:00:02"]

1. d4 Nf6 2. c4 e6 3. Nf3 d5 4. g3 dxc4 5. Bg2 a6 6. O-O Nc6 7. e3 Rb8 8. Bd2 b5 9. b3 cxb3 10. Qxb3 Bb7 11. Rc1 Bd6 12. a4 O-O 13. axb5 axb5 14. Nc3 b4 15. Na4 Ne4 16. Be1 Ne7 17. Qb1 Nc3 18. Bxc3 Bxf3 19. Bxf3 bxc3 20. Qc2 e5 21. dxe5 Bxe5 22. Nxc3 Qd6 23. Ra5 Bxc3 24. Qxc3 Rfc8 25. Bg4 Rd8 26. Qxc7 Qxc7 27. Rxc7 Nd5 28. Rd7 Rxd7 29. Bxd7 Nf6 30. Bb5 h6 31. Bc4 Rb7 32. Kg2 Rc7 33. Ra8+ Kh7 34. Ra4 g6 35. h3 Kg7 36. g4 g5 37. Bd3 Nd7 38. Ra5 Nc5 39. Bf5 Kf6 40. Kg3 h5 41. Rb5 hxg4 42. Kxg4 Rc6 43. Bb1 Ne6 44. Rf5+ Kg7 45. Ba2 Rc2 46. Bxe6 fxe6 47. Rxg5+ Kf6 48. f4 Rg2+ 49. Kf3 Rh2 50. Rg3 e5 51. fxe5+ Kxe5 52. Kg4 Ke4 53. h4 Rf2 54. h5 Rf8 55. h6 Rg8+ 56. Kh4 Rh8 57. Kh5 Kf5 58. Rg7 Kf6 59. Ra7 Re8 60. h7 Rd8 61. Kh6 Re8 62. e4 1-0


[Site "https://www.chess.com"]

[Event "Titled Tuesday Blitz April 19 Early 2022"]
[White "Aradhya, Garg"]
[Black "Oparin, Grigoriy"]
[WhiteFideId "25006746"]
[BlackFideId "24125890"]
[WhiteElo "2169"]
[BlackElo "2665"]
[Result "0-1"]
[Round "03"]
[TimeControl "180+1"]
[Date "2022.04.19"]
[WhiteClock "0:00:08"]
[BlackClock "0:01:45"]

1. d4 Nf6 2. Nf3 e6 3. Bg5 d5 4. e3 h6 5. Bh4 Nbd7 6. Bd3 Be7 7. O-O c5 8. c3 b6 9. Nbd2 Bb7 10. a4 O-O 11. Qb1 Nh5 12. Bxe7 Qxe7 13. Re1 Nhf6 14. a5 e5 15. dxe5 Nxe5 16. Nxe5 Qxe5 17. a6 Bc6 18. e4 Rae8 19. Nf3 Qc7 20. e5 Nd7 21. e6 Rxe6 22. Rxe6 fxe6 23. Bh7+ Kh8 24. Nh4 Ne5 25. Ng6+ Nxg6 26. Bxg6 e5 27. Qd3 e4 28. Qg3 Qxg3 29. hxg3 Rf6 30. Bh5 g6 31. Be2 Kg7 32. Rd1 Rd6 33. f3 e3 34. Bc4 Kf6 35. Kf1 Ke7 36. Bb3 Bb5+ 37. Ke1 d4 38. cxd4 cxd4 39. Rc1 d3 40. Rc7+ Rd7 41. Rxd7+ Kxd7 42. Bf7 d2+ 43. Kd1 g5 44. b3 Bxa6 45. Bg6 Bf1 46. Be4 Bxg2 47. Ke2 Bf1+ 48. Kd1 a5 49. f4 gxf4 50. gxf4 h5 51. Bf3 h4 52. Bg4+ Ke7 53. Be2 Bxe2+ 54. Kxe2 b5 55. Kxe3 d1=Q 56. Ke4 Qxb3 57. Kf5 Qe6+ 58. Kg5 h3 59. Kh4 h2 60. f5 Qg8 61. Kh3 h1=Q# 0-1


[Site "https://www.chess.com"]

[Event "Titled Tuesday Blitz April 19 Early 2022"]
[White "Araujo Filho, Luiz Antonio Coel"]
[Black "Petre, Nad-Titus"]
[WhiteFideId "2130661"]
[BlackFideId "1204165"]
[WhiteElo "2296"]
[BlackElo "2354"]
[Result "1-0"]
[Round "03"]
[TimeControl "180+1"]
[Date "2022.04.19"]
[WhiteClock "0:00:07"]
[BlackClock "0:00:02"]

1. d4 Nf6 2. Nf3 b6 3. e3 Bb7 4. Bd3 d6 5. Nbd2 Nbd7 6. b3 g6 7. Bb2 Bg7 8. O-O a5 9. c4 a4 10. e4 a3 11. Bc3 O-O 12. Qe2 e5 13. dxe5 Ng4 14. Rac1 Ndxe5 15. Bb1 Re8 16. h3 Nxf3+ 17. Nxf3 Nf6 18. Nd2 Nh5 19. Bxg7 Kxg7 20. Qg4 Qf6 21. Rfe1 Ra5 22. Nf3 Nf4 23. Rcd1 Bc8 24. Qg3 Rh5 25. Re3 Nxh3+ 26. gxh3 Rxh3 27. Qg2 h5 28. Ne1 Rxe3 29. fxe3 Bg4 30. Rd4 Re5 31. Qf2 Qe7 32. Ng2 Rg5 33. Kh2 Qe5+ 34. Nf4 1-0


[Site "https://www.chess.com"]

[Event "Titled Tuesday Blitz April 19 Early 2022"]
[White "Ardila, Oscar Humberto"]
[Black "Martic, Ivan"]
[WhiteFideId "4404742"]
[BlackFideId "929301"]
[WhiteElo "1983"]
[BlackElo "2317"]
[Result "0-1"]
[Round "03"]
[TimeControl "180+1"]
[Date "2022.04.19"]
[WhiteClock "0:01:41"]
[BlackClock "0:01:11"]

1. d4 Nf6 2. c4 g6 3. Nc3 Bg7 4. e4 d6 5. Nf3 O-O 6. Be2 e5 7. d5 a5 8. O-O Na6 9. Qc2 Bd7 10. Bg5 h6 11. Bxf6 Bxf6 12. b3 Bg7 13. a3 f5 14. Nd2 Kh8 15. Qd1 c6 16. dxc6 bxc6 17. Bf3 Nc5 18. b4 Ne6 19. Ne2 axb4 20. axb4 Rxa1 21. Qxa1 Ng5 22. exf5 e4 23. f6 Bxf6 24. Qa7 exf3 25. Nxf3 Nxf3+ 26. gxf3 Bh3 27. Rd1 Be5 28. c5 Qf6 29. Qa3 dxc5 30. bxc5 Qxf3 31. Qxf3 Rxf3 32. Rd8+ Kg7 33. Re8 Bf6 34. Ng3 Rc3 35. Re1 Rxc5 36. Rd1 Ra5 37. f3 Ra1 38. Rxa1 Bd4+ 39. Kh1 Bxa1 0-1


[Site "https://www.chess.com"]

[Event "Titled Tuesday Blitz April 19 Early 2022"]
[White "Aroesti, Roee"]
[Black "Devaev, Alexander"]
[WhiteFideId "2817144"]
[BlackFideId "4169395"]
[WhiteElo "2068"]
[BlackElo "2185"]
[Result "1-0"]
[Round "03"]
[TimeControl "180+1"]
[Date "2022.04.19"]
[WhiteClock "0:00:13"]
[BlackClock "0:00:08"]

1. e4 c6 2. Nf3 d5 3. Nc3 dxe4 4. Nxe4 Nf6 5. Qe2 Bf5 6. Nxf6+ gxf6 7. d3 Nd7 8. g3 e6 9. Bg2 Bg4 10. h3 Bh5 11. Bd2 Qb6 12. O-O-O Be7 13. Bc3 O-O-O 14. Kb1 Kb8 15. g4 Bg6 16. Nh4 Ka8 17. f4 f5 18. Nxg6 hxg6 19. Bxh8 Rxh8 20. c3 Bd6 21. Qf3 Qc7 22. Rhf1 Nf6 23. c4 a6 24. Rd2 fxg4 25. hxg4 Rh4 26. f5 exf5 27. gxf5 g5 28. d4 Qa5 29. Rd3 Rf4 30. Qe2 Rxf5 31. c5 Bf4 32. Be4 Nxe4 33. Qxe4 Rf6 34. Qe7 Re6 35. Qxf7 Re1+ 36. Rd1 Re2 37. Qg8+ Ka7 38. Qc4 Qc7 39. Qxe2 a5 40. Qc4 1-0


[Site "https://www.chess.com"]

[Event "Titled Tuesday Blitz April 19 Early 2022"]
[White "Atakhan, Abtin"]
[Black "Praggnanandhaa R"]
[WhiteFideId "22502203"]
[BlackFideId "25059530"]
[WhiteElo "2094"]
[BlackElo "2599"]
[Result "0-1"]
[Round "03"]
[TimeControl "180+1"]
[Date "2022.04.19"]
[WhiteClock "0:00:29"]
[BlackClock "0:01:38"]

1. c4 c5 2. g3 Nf6 3. Bg2 Nc6 4. Nc3 d6 5. d3 g6 6. Nf3 h5 7. Bg5 Bh6 8. Bxh6 Rxh6 9. h4 Kf8 10. Qd2 Kg7 11. a3 Rh8 12. Rb1 a5 13. O-O e5 14. Ng5 Ng4 15. f3 Nh6 16. f4 Rf8 17. fxe5 Nxe5 18. b4 axb4 19. axb4 Nf5 20. Qf4 cxb4 21. Nd5 Ra2 22. e4 Nd4 23. Rf2 Ne2+ 24. Rxe2 Rxe2 25. d4 Nxc4 26. Bf1 Rb2 27. Rc1 b5 28. Bxc4 bxc4 29. Rxc4 Be6 30. Qc1 Bxd5 31. exd5 Ra2 32. Rc7 Kg8 33. Rb7 Qa8 34. Rxb4 Qxd5 0-1


[Site "https://www.chess.com"]

[Event "Titled Tuesday Blitz April 19 Early 2022"]
[White "Bach, Ngoc Thuy Duong"]
[Black "Liyanage, Ranindu Dilshan"]
[WhiteFideId "12408956"]
[BlackFideId "9915834"]
[WhiteElo "1862"]
[BlackElo "1858"]
[Result "0-1"]
[Round "03"]
[TimeControl "180+1"]
[Date "2022.04.19"]
[WhiteClock "0:00:08"]
[BlackClock "0:00:33"]

1. d4 Nf6 2. c4 e6 3. Nc3 Bb4 4. Qc2 O-O 5. a3 Bxc3+ 6. Qxc3 d5 7. Bg5 dxc4 8. Qxc4 b6 9. Rd1 Ba6 10. Qa4 Qd7 11. Qc2 Nc6 12. Nf3 Rfd8 13. e3 Bxf1 14. Rxf1 Qd5 15. Rc1 Ne7 16. Ke2 Rac8 17. Rfd1 h6 18. Bh4 Qb5+ 19. Ke1 Nf5 20. Bxf6 gxf6 21. Qe2 Qa5+ 22. Kf1 c5 23. dxc5 Rxd1+ 24. Rxd1 Qxc5 25. e4 Ne7 26. h3 Ng6 27. g3 Kh7 28. Nd4 Rg8 29. b4 Qc3 30. Nb5 Qb3 31. Rd7 Nf4 32. gxf4 Qxh3+ 33. Ke1 Rg1+ 34. Kd2 Qb3 35. Rd3 Qc4 36. Nd6 Qc1# 0-1


[Site "https://www.chess.com"]

[Event "Titled Tuesday Blitz April 19 Early 2022"]
[White "Barbashin, Igor"]
[Black "Omelja, Artem"]
[WhiteFideId "4155718"]
[BlackFideId "14119846"]
[WhiteElo "2138"]
[BlackElo "2382"]
[Result "0-1"]
[Round "03"]
[TimeControl "180+1"]
[Date "2022.04.19"]
[WhiteClock "0:00:02"]
[BlackClock "0:00:15"]

1. d4 d5 2. c4 c6 3. e3 e6 4. Nc3 Nf6 5. Nf3 Nbd7 6. Bd3 Be7 7. O-O O-O 8. h3 b6 9. Qe2 Bb7 10. Rd1 h6 11. b3 c5 12. Bb2 Qc7 13. Rac1 Rac8 14. cxd5 exd5 15. Bf5 Rcd8 16. dxc5 bxc5 17. b4 c4 18. a3 Nb6 19. Nb5 Qb8 20. Be5 Rd6 21. Nxd6 Bxd6 22. Bxf6 gxf6 23. Nd4 Be5 24. Bb1 Bc8 25. Qc2 Rd8 26. Qh7+ Kf8 27. Nf5 Bxf5 28. Bxf5 Ke7 29. Bg4 Bb2 30. Rc2 Bxa3 31. b5 Bd6 32. Bh5 Rf8 33. Qf5 Be5 34. f4 Bd6 35. e4 Qc8 36. Qxc8 Rxc8 37. exd5 Bxf4 38. Kf2 Be5 39. Bf3 Rc5 40. Ke3 Rxb5 41. Ke4 Kd6 42. Ra2 a5 43. Rdd2 a4 44. Rdc2 c3 45. Kd3 Rb4 46. Ke2 Nxd5 47. Bxd5 Kxd5 48. Kd3 Kc5 49. Re2 Kb5 50. Re4 Rxe4 51. Kxe4 Kb4 52. Kd3 Kb3 53. Rc2 a3 54. g4 a2 0-1


[Site "https://www.chess.com"]

[Event "Titled Tuesday Blitz April 19 Early 2022"]
[White "Belenkaya, Dina"]
[Black "Mokshanov, Alexey"]
[WhiteFideId "24142654"]
[BlackFideId "24121657"]
[WhiteElo "2196"]
[BlackElo "2141"]
[Result "0-1"]
[Round "03"]
[TimeControl "180+1"]
[Date "2022.04.19"]
[WhiteClock "0:00:18"]
[BlackClock "0:01:21"]

1. e4 e6 2. d3 d5 3. Nd2 Nf6 4. g3 c5 5. Bg2 Nc6 6. Ngf3 Be7 7. O-O O-O 8. e5 Nd7 9. Re1 b5 10. Nf1 Bb7 11. h4 h6 12. Bf4 Qb6 13. Qd2 Rfc8 14. N1h2 Qd8 15. Ng4 Bf8 16. Kh2 a5 17. h5 a4 18. Nh4 a3 19. b3 b4 20. Rg1 Nd4 21. Bh1 Kh7 22. Ne3 Be7 23. Nf3 Nxf3+ 24. Bxf3 Bg5 25. Ng2 Nxe5 26. Be2 d4 27. Bxg5 Qxg5 28. f4 Ng4+ 29. Bxg4 Qxg4 30. Qd1 Bf3 31. Qf1 Qxh5+ 32. Nh4 Bd5 33. Qf2 g5 34. fxg5 hxg5 35. Raf1 f5 36. Rh1 gxh4 37. Rfg1 hxg3+ 38. Kxg3 Bxh1 0-1


[Site "https://www.chess.com"]

[Event "Titled Tuesday Blitz April 19 Early 2022"]
[White "Bernat, David"]
[Black "Reprintsev, Alexander"]
[WhiteFideId "2099225"]
[BlackFideId "14100541"]
[WhiteElo "2287"]
[BlackElo "2108"]
[Result "0-1"]
[Round "03"]
[TimeControl "180+1"]
[Date "2022.04.19"]
[WhiteClock "0:00:02"]
[BlackClock "0:00:19"]

1. c4 e5 2. g4 d5 3. cxd5 Qxd5 4. f3 Bxg4 5. Nc3 Qd8 6. Qa4+ Bd7 7. Qe4 Nc6 8. h4 Nf6 9. Qb1 Bc5 10. a3 Qe7 11. b4 Bd4 12. Bb2 O-O-O 13. e3 Bxc3 14. Bxc3 Nd5 15. Bb2 f5 16. b5 Na5 17. Qc2 c5 18. Rc1 b6 19. Ne2 Rhe8 20. Nc3 Nxc3 21. Bxc3 Nb7 22. a4 g6 23. a5 Nd6 24. axb6 axb6 25. Qa4 Kc7 26. Qa7+ Nb7 27. Ra1 Ra8 28. Qxa8 Rxa8 29. Rxa8 Nd6 30. Kf2 Bc8 31. Be2 Bb7 32. Ra4 h5 33. Raa1 c4 34. Rag1 f4 35. Rxg6 Nxb5 36. Rhg1 fxe3+ 37. dxe3 Qxh4+ 38. Kf1 Nxc3 39. Rg7+ Kb8 0-1


[Site "https://www.chess.com"]

[Event "Titled Tuesday Blitz April 19 Early 2022"]
[White "Bilych, Olexiy"]
[Black "Fromm, Marius"]
[WhiteFideId "14156504"]
[BlackFideId "12993190"]
[WhiteElo "2176"]
[BlackElo "2489"]
[Result "1/2-1/2"]
[Round "03"]
[TimeControl "180+1"]
[Date "2022.04.19"]
[WhiteClock "0:00:19"]
[BlackClock "0:00:06"]

1. e4 c5 2. Nf3 d6 3. d4 cxd4 4. Nxd4 Nf6 5. Nc3 a6 6. Be3 e5 7. Nb3 Be6 8. f3 h5 9. Qd2 Nbd7 10. Nd5 Bxd5 11. exd5 g6 12. Be2 Bg7 13. O-O b6 14. c4 O-O 15. Rac1 a5 16. Na1 Re8 17. Nc2 Kh7 18. Na3 Ng8 19. Nb5 Nc5 20. b3 Bh6 21. Bxh6 Nxh6 22. Bd3 f5 23. Rce1 Qd7 24. Bc2 f4 25. a3 Nf5 26. b4 Na6 27. Be4 axb4 28. axb4 Nc7 29. Nxc7 Qxc7 30. Bxf5 gxf5 31. Rc1 Ra3 32. c5 bxc5 33. bxc5 Qa5 34. Qf2 Rg8 35. cxd6 Ra2 36. Rc7+ Kh6 37. Rc2 Rxc2 38. Qxc2 Qb6+ 39. Kh1 Qxd6 40. Rd1 Kg5 41. g3 fxg3 42. hxg3 Kf6 43. Kh2 h4 44. gxh4 e4+ 45. Kh1 Rh8 46. Qh2 Qxh2+ 47. Kxh2 Rxh4+ 48. Kg3 Rh8 49. fxe4 fxe4 50. Kf4 Rh4+ 51. Ke3 Ke5 52. d6 Rh3+ 53. Kf2 Rh8 54. d7 Rd8 55. Ke3 Ke6 56. Kxe4 Rxd7 57. Rxd7 Kxd7 1/2-1/2


[Site "https://www.chess.com"]

[Event "Titled Tuesday Blitz April 19 Early 2022"]
[White "Bortnyk, Olexandr"]
[Black "Kaasen, Tor Fredrik"]
[WhiteFideId "14120828"]
[BlackFideId "1516647"]
[WhiteElo "2723"]
[BlackElo "2335"]
[Result "1-0"]
[Round "03"]
[TimeControl "180+1"]
[Date "2022.04.19"]
[WhiteClock "0:01:26"]
[BlackClock "0:00:16"]

1. d4 Nf6 2. Nc3 d5 3. Bf4 g6 4. e3 Bg7 5. h4 h5 6. Nb5 Na6 7. Nf3 O-O 8. Be2 c6 9. Nc3 Nc7 10. Ne5 Nd7 11. g4 Ne6 12. gxh5 Nxf4 13. exf4 Qb6 14. Na4 Qa5+ 15. c3 Nxe5 16. fxe5 f6 17. hxg6 fxe5 18. h5 Bh6 19. dxe5 Qc7 20. Nc5 Qxe5 21. Qd4 Qf5 22. Nd3 e5 23. Qxe5 Qxe5 24. Nxe5 Re8 25. Nf7 Bf4 26. Kf1 Be6 27. h6 Bxf7 28. gxf7+ Kxf7 29. Bh5+ Kf6 30. Bxe8 Rxe8 31. h7 Rh8 32. Ke2 Kg6 33. Rag1+ 1-0


[Site "https://www.chess.com"]

[Event "Titled Tuesday Blitz April 19 Early 2022"]
[White "Buchenau, Frank"]
[Black "Thomas, Anysia"]
[WhiteFideId "4604350"]
[BlackFideId "670472"]
[WhiteElo "2193"]
[BlackElo "2002"]
[Result "1-0"]
[Round "03"]
[TimeControl "180+1"]
[Date "2022.04.19"]
[WhiteClock "0:00:21"]
[BlackClock "0:00:10"]

1. e4 c5 2. Nf3 g6 3. c3 d5 4. e5 Bg7 5. d4 Bg4 6. Bb5+ Nc6 7. h3 Bxf3 8. Qxf3 Qb6 9. Bxc6+ Qxc6 10. Be3 Nh6 11. g4 O-O 12. dxc5 f6 13. exf6 Rxf6 14. Qe2 Nf7 15. Nd2 e5 16. O-O-O a5 17. Kb1 a4 18. Rhf1 Re6 19. Qd3 e4 20. Qe2 a3 21. Nb3 axb2 22. Nd4 Qa4 23. Qxb2 Rea6 24. Rd2 Qc4 25. Rfd1 Ne5 26. Qb3 Ra3 27. Qxc4 Nxc4 28. Rc2 R8a5 29. Nb3 Rb5 30. Bd4 Bf8 31. f3 exf3 32. Rf1 Na5 33. Kb2 Ra4 34. Rxf3 Nc4+ 35. Kc1 Na3 36. Rcf2 Be7 37. Rf7 1-0


[Site "https://www.chess.com"]

[Event "Titled Tuesday Blitz April 19 Early 2022"]
[White "Cagara, Paulina"]
[Black "Chan, Kim Yew"]
[WhiteFideId "1124870"]
[BlackFideId "5717981"]
[WhiteElo "1780"]
[BlackElo "2206"]
[Result "0-1"]
[Round "03"]
[TimeControl "180+1"]
[Date "2022.04.19"]
[WhiteClock "0:00:30"]
[BlackClock "0:00:10"]

1. e4 c5 2. Nc3 e6 3. g3 d5 4. exd5 exd5 5. d4 Nf6 6. Bg2 cxd4 7. Qxd4 Nc6 8. Qa4 Bc5 9. Nge2 O-O 10. O-O Be6 11. Bg5 h6 12. Bxf6 Qxf6 13. Nxd5 Bxd5 14. Bxd5 Qxb2 15. Bxc6 bxc6 16. Qxc6 Qxc2 17. Qf3 Bb6 18. Rfc1 Qd2 19. Nf4 Rfd8 20. Nh5 Qg5 21. h4 Qg6 22. Rd1 Rac8 23. Rxd8+ Rxd8 24. Rd1 Rc8 25. Nf4 Qf5 26. Qd5 Qg4 27. Qd3 Rd8 28. Nd5 Rxd5 29. Qxd5 Qxg3+ 30. Kh1 Qxh4+ 31. Kg2 Qxf2+ 32. Kh3 Qe3+ 33. Kg2 Qe2+ 34. Kh3 g6 35. a4 h5 36. Qa8+ Kg7 37. Qc6 Qg4+ 38. Kh2 Qe2+ 39. Kh3 Qe3+ 40. Kg2 h4 41. Qf3 Qg5+ 42. Kh3 Bd8 43. Qc3+ Bf6 44. Qf3 Qa5 45. Rf1 Qe5 46. a5 Qe6+ 47. Kh2 Bg5 48. a6 f5 49. Qc3+ Kh6 50. Qf3 Qe5+ 51. Kh1 Qd6 52. Qe2 Qc6+ 53. Kh2 Qb6 54. Rg1 Qd6+ 55. Kh1 Qf4 56. Qg2 Qe4 57. Qxe4 fxe4 58. Re1 e3 59. Kg2 Kh5 60. Kf3 h3 61. Kg3 Bh4+ 62. Kxh3 Bxe1 63. Kg2 Bd2 64. Kf3 Kg5 65. Ke2 Kf5 66. Kd3 Ke5 67. Ke2 Kd6 68. Kf3 Kc6 0-1


[Site "https://www.chess.com"]